 Dungeon Crawl Stone Soup version 0.31-a0-233-g139696dc86 (webtiles) character file.

Game seed: 12708622506819863000

8771 Midn8 the Destroyer (level 11, -14/72 HPs)
             Began as an Octopode Conjurer on July 9, 2023.
             Was a Priest of Cheibriados.
             Demolished by an elephant (20 damage)
             ... on level 1 of the Lair of Beasts.
             The game lasted 00:41:59 (12944 turns).

Midn8 the Destroyer (Octopode Conjurer)            Turns: 12944, Time: 00:42:00

Health: -14/72     AC:  1    Str: 13    XL:     11   Next: 36%
Magic:  5/20       EV: 18    Int: 34    God:    Cheibriados [***...]
Gold:   712        SH:  0    Dex: 25    Spells: 3/22 levels left

rFire   . . .        c - +1 dagger (vamp)
rCold   . . .        (no shield)
rNeg    . . .        (helmet restricted)
rPois   +            e - amulet of regeneration
rElec   .            b - ring of poison resistance
rCorr   .            s - +6 ring of dexterity
SInv    .            B - +6 ring of intelligence
Will    .....        (no ring)
Stlth   ++++         (no ring)
HPRegen 1.12/turn    (no ring)
MPRegen 0.17/turn    (no ring)
                     (no ring)

%: no passive effects
@: very slow
A: almost no armour, amphibious, 8 rings, camouflage 1, gelatinous body 1,
(nimble swimmer 1), tentacles
a: Renounce Religion, Bend Time, Temporal Distortion


You were on level 1 of the Lair of Beasts.
You worshipped Cheibriados.
Cheibriados was most pleased with you.
You visited 2 branches of the dungeon, and saw 10 of its levels.
You also visited: Ossuary.

You collected 712 gold pieces.

Inventory:

Hand Weapons
 c - a +1 vampiric dagger (weapon)
 E - a +1 mace of protection
Missiles
 j - 3 silver boomerangs
 p - 10 curare-tipped darts (quivered)
 x - 5 silver javelins
Jewellery
 b - a ring of poison resistance (left tentacle)
 d - an amulet of faith
 e - an amulet of regeneration (around mantle)
 h - a ring of fire
 s - a +6 ring of dexterity (right tentacle)
 B - a +6 ring of intelligence (on tentacle)
Wands
 l - a wand of roots (3)
 m - a wand of mindburst (8)
 q - a wand of polymorph (6)
 C - a wand of paralysis (7)
Scrolls
 i - 3 scrolls of teleportation
 w - 3 scrolls of enchant weapon
 y - a scroll of fog
 A - 4 scrolls of blinking
Potions
 a - 4 potions of brilliance
 f - a potion of might
 g - 2 potions of mutation
 k - 6 potions of attraction
 n - 3 potions of curing
 o - a potion of invisibility
 r - a potion of enlightenment
 u - 4 potions of heal wounds
 v - a potion of magic
 z - a potion of berserk rage
 F - 2 potions of resistance


   Skills:
 - Level 6.0 Fighting
 - Level 4.0 Short Blades
 + Level 6.0 Dodging
 - Level 2.6 Stealth
 - Level 6.0 Spellcasting
 - Level 10.0 Conjurations
 - Level 7.0 Hexes
 - Level 4.0 Translocations
 - Level 3.2 Ice Magic
 - Level 4.0 Invocations


You had 3 spell levels left.
You knew the following spells:

 Your Spells              Type           Power      Damage    Failure   Level
a - Magic Dart            Conj           100%       1d8       1%          1
b - Iskenderun's Battles  Conj           67%        2d12      1%          5
f - Fulminant Prism       Conj/Hex       31%        3d15      1%          4
s - Searing Ray           Conj           100%       2d8       1%          2
t - Momentum Strike       Conj/Tloc      100%       3d10      1%          2
z - Ozocubu's Armour      Ice            32%        N/A       3%          3
B - Blink                 Tloc           74%        N/A       1%          2

Your spell library contained the following spells:

 Spells                   Type           Power      Damage    Failure   Level
 Apportation              Tloc           74%        N/A       1%          1
 Lesser Beckoning         Tloc           74%        N/A       1%          2
 Dazzling Flash           Conj/Hex       100%       N/A       1%          3
 Necrotise                Necr           40%        1d6       4%          1
 Summon Small Mammal      Summ           40%        N/A       4%          1
 Cause Fear               Hex            27%        N/A       2%          4
 Iskenderun's Mystic Bla  Conj/Tloc      55%        2d12      2%          4
 Metabolic Englaciation   Hex/Ice        22%        N/A       13%         5
 Leda's Unmaking          Conj/Erth      22%        9d4       61%         6
 Simulacrum               Ice/Necr       10%        N/A       97%         6
 Spellforged Servitor     Conj/Summ      22%        N/A       99%         7
 Dragon Form              Tmut           5%         N/A       100%        7
 Dragon's Call            Summ           5%         N/A       100%        9


Dungeon Overview and Level Annotations

Branches:
Dungeon (9/15)             Temple (0/1) D:7            Lair (1/5) D:8
    Orc (0/2) D:9         Ossuary (visited)

Altars:
Cheibriados
Dithmenos
Gozag
Kikubaaqudgha
Okawaru
Ru
Sif Muna
Uskayaw
Zin
The Shining One

Shops:
D:9 ([

Annotations:
D:2 Sigmund
D:4 exclusions: orc, 2 orc priests and 7 more exclusions
D:9 4 exclusions, Harold
Lair:1 1 runed translucent door


Innate Abilities, Weirdness & Mutations

You cannot wear most types of armour.
You are amphibious.
You can wear up to eight rings at the same time.
Your skin changes colour to match your surroundings (Stealth+).
Your rubbery body absorbs attacks. (AC +1, EV +1)
((You are camouflaged when in or above water. (Stealth+)))
You have tentacles for arms and can constrict up to eight enemies at once.


Message History

(Press . to maintain the ray.)
The elephant misses you. x2
Unknown command.
The komodo dragon attacks as you move away!
The komodo dragon closely misses you. The elephant attacks as you move away!
The elephant tramples you! The elephant trunk-slaps you.
The elephant tramples you!!
You stumble backwards!
The elephant tramples you!
You hold your ground!
The elephant trunk-slaps you but does no damage.
The elephant tramples you!
* * * LOW HITPOINT WARNING * * *
You hold your ground!
The elephant trunk-slaps you.
* * * LOW HITPOINT WARNING * * *
Unknown command.
The elephant attacks as you move away! The elephant tramples you.
* * * LOW HITPOINT WARNING * * *
The elephant closely misses you. The komodo dragon closely misses you.
Unknown command.
Casting: Searing Ray (safe; 1% risk of failure)
Confirm with . or Enter, or press ? or * to list all spells.
Aiming: Searing Ray (safe; 1% risk of failure)
Press: ? - help, Shift-Dir - straight line, f/p - komodo dragon
Aim: a komodo dragon (almost dead, 87% to hit)
The searing ray hits the komodo dragon!
You kill the komodo dragon!
Cheibriados thoroughly appreciates the change of pace.
The searing ray hits the elephant!
The elephant is severely wounded. (Press . to maintain the ray.)
Your Dodging skill increases to level 6!
The searing ray hits the elephant!
The elephant is almost dead.
The elephant tramples you.
* * * LOW HITPOINT WARNING * * *
You hold your ground!
The elephant trunk-slaps you.
* * * LOW HITPOINT WARNING * * *
The searing ray hits the elephant.
The elephant is almost dead.
The elephant tramples you!!
You die...

##...).......###..
...........#.....
............#P.##
##...#.....#.#...#.
#P.........#.#..##.
#............#.##.
#..............##.
#Y###......$...##.
#@# #..........##.
##.###.......##.##.
#P..##.....#.#..##.
##..##......†##....
#.........#.##....
#.........#.##....
##..P......†.#....
#........#.#..##.
#..#.....#.#P.#..


You could see an elephant.

Vanquished Creatures
  A cyclops (D:9)
  A black mamba (Lair:1)
  2 elephants (Lair:1)
  A cane toad (Lair:1)
  A rime drake (Lair:1)
  4 komodo dragons
  A troll (D:9)
  Grinder (D:3)
  2 yaks (Lair:1)
  Eustachio (D:5)
  Menkaure (D:5)
  8 water moccasins
  4 orc warriors
  2 ice beasts
  A sky beast (D:8)
  2 black bears (D:7)
  An ogre (D:6)
  2 phantoms (D:5)
  2 bullfrogs
  3 scorpions
  16 wights
  11 killer bees
  2 electric eels (D:8)
  7 howler monkeys
  A gnoll bouda (D:6)
  2 jellies
  3 orc priests
  3 hounds (D:5)
  A sleepcap (D:5)
  2 iguanas
  Ijyb (D:5)
  8 orc wizards
  8 mummies (Ossuary)
  3 adders
  12 gnolls
  3 shadow imps
  2 white imps
  An ufetubus (D:7)
  A worm (D:3)
  3 dart slugs
  27 orcs
  6 ball pythons
  9 endoplasms
  3 giant cockroaches
  7 hobgoblins
  14 jackals
  5 quokkas
  7 bats
  6 frilled lizards
  2 gnoll zombies (Ossuary)
  8 goblins
  2 hobgoblin zombies (Ossuary)
  8 kobolds
  A kobold zombie (Ossuary)
  3 orc zombies (Ossuary)
  10 rats
249 creatures vanquished.

Vanquished Creatures (others)
  46 fulminant prisms
46 creatures vanquished.

Grand Total: 295 creatures vanquished

Notes
Turn   | Place    | Note
-------+----------+-------------------------------------------
     0 | D:1      | Midn8 the Octopode Conjurer began the quest for the Orb.
     0 | D:1      | Reached XP level 1. HP: 11/11 MP: 3/3
   247 | D:1      | Reached XP level 2. HP: 17/17 MP: 0/5
   777 | D:1      | Reached XP level 3. HP: 21/21 MP: 4/7
  1680 | D:2      | Noticed Sigmund
  2075 | D:2      | Learned a level 2 spell: Searing Ray
  2320 | D:3      | Reached XP level 4. HP: 27/27 MP: 1/8
  2352 | D:3      | Reached skill level 5 in Conjurations
  2467 | D:3      | Noticed Grinder
  2478 | D:3      | Paralysed by Grinder for 5 turns
  2483 | D:3      | HP: 1/27 [Grinder (6)]
  2487 | D:3      | Killed Grinder
  2488 | D:3      | Reached skill level 6 in Conjurations
  2488 | D:3      | Reached XP level 5. HP: 20/36 MP: 6/9
  2488 | D:3      | Reached XP level 6. HP: 22/41 MP: 6/10
  2526 | D:3      | Learned a level 4 spell: Fulminant Prism
  2530 | D:3      | Learned a level 3 spell: Dazzling Flash
  3647 | D:4      | Reached XP level 7. HP: 46/46 MP: 1/13
  4184 | D:4      | Learned a level 2 spell: Blink
  4742 | D:5      | Entered Level 5 of the Dungeon
  4768 | D:5      | Reached skill level 7 in Conjurations
  5123 | D:5      | Noticed Eustachio
  5139 | D:5      | Killed Eustachio
  5140 | D:5      | Reached skill level 8 in Conjurations
  5140 | D:5      | Reached skill level 1 in Hexes
  5140 | D:5      | Reached XP level 8. HP: 52/52 MP: 1/14
  5282 | D:5      | Found a glowing silver altar of Zin.
  5282 | D:5      | Noticed an angel
  5538 | D:5      | Noticed Ijyb
  5543 | D:5      | Noticed Menkaure
  5547 | D:5      | Killed Ijyb
  5550 | D:5      | Killed Menkaure
  5701 | D:5      | Identified the +0 leather armour of the Butcher {rPois
                  | rC+++ Will- rCorr}
  6281 | D:6      | Reached skill level 5 in Hexes
  6725 | D:6      | Reached XP level 9. HP: 56/56 MP: 10/15
  6984 | D:6      | You fall into a shaft and drop 3 floors!
  7364 | D:7      | Reached skill level 5 in Dodging
  7538 | D:8      | Found a snail-covered altar of Cheibriados.
  7601 | D:8      | Became a worshipper of Cheibriados the Contemplative
  7698 | D:8      | Reached skill level 1 in Short Blades
  7924 | D:7      | Reached * piety under Cheibriados
  7928 | D:7      | Found a sand-covered staircase.
  7975 | Ossuary  | Entered an ossuary
  8955 | D:6      | Found a shadowy altar of Dithmenos.
  8955 | D:6      | Found an ancient bone altar of Kikubaaqudgha.
  8978 | D:7      | Found a shimmering blue altar of Sif Muna.
  8978 | D:7      | Found a sacrificial altar of Ru.
  8978 | D:7      | Found a glowing golden altar of the Shining One.
  8994 | D:7      | Found a staircase to the Ecumenical Temple.
  9062 | D:6      | Reached XP level 10. HP: 63/63 MP: 4/16
  9565 | D:7      | Found an opulent altar of Gozag.
  9915 | D:8      | Reached ** piety under Cheibriados
 10103 | D:8      | Learned a level 2 spell: Momentum Strike
 10549 | D:8      | Learned a level 3 spell: Ozocubu's Armour
 10589 | D:8      | Reached skill level 5 in Fighting
 10746 | D:8      | Found a staircase to the Lair.
 10888 | D:9      | Noticed Harold
 11267 | D:9      | Reached skill level 5 in Spellcasting
 11267 | D:9      | Reached skill level 1 in Ice Magic
 11325 | D:9      | Noticed a cyclops
 11330 | D:9      | Killed a cyclops
 11512 | D:9      | Found an iron altar of Okawaru.
 11512 | D:9      | Found a hide-covered altar of Uskayaw.
 11566 | D:9      | Found Miage's Weapon Emporium.
 11568 | D:9      | Found a staircase to the Orcish Mines.
 11570 | D:9      | Found Aniexza's Armour Emporium.
 12068 | Lair:1   | Entered Level 1 of the Lair of Beasts
 12076 | Lair:1   | Learned a level 5 spell: Iskenderun's Battlesphere
 12362 | Lair:1   | Noticed a black mamba
 12365 | Lair:1   | Reached skill level 9 in Conjurations
 12365 | Lair:1   | Reached XP level 11. HP: 72/72 MP: 11/19
 12596 | Lair:1   | Reached skill level 10 in Conjurations
 12667 | Lair:1   | Found a runed translucent door.
 12700 | Lair:1   | Reached *** piety under Cheibriados
 12944 | Lair:1   | Demolished by an elephant

Illustrated notes

Levels and vault maps discovered:
D:1:      spicycebolla_arrival_clurvy, layout_basic
D:2:      layout_loops_ring, uniq_sigmund
D:3:      layout_basic, minmay_unequal, uniq_grinder
D:4:      layout_gridville
D:5:      layout_basic, zin_angel, kennysheep_generic_room_6, uniq_eustachio,
          uniq_menkaure, uniq_ijyb
D:6:      layout_rooms, nicolae_overflow_hidden_temple
D:7:      layout_rooms, mainiacjoe_overflow_cross_hatched, minitemple,
          minmay_temple_entry_sparse_star, enter_ossuary_5, roderic_lattice_a
D:8:      layout_loops_corners, kennysheep_slug_shrine, david_lair_shrubbed,
          serial_bayou_pond_b
D:9:      layout_gridville, amethyst_overflow_temple_binary, orc_david_3,
          uniq_harold
Lair:1:   dreamdust_labyrinth, layout_gridlike, grunt_megastairs_5

Skill      XL: |  1  2  3  4  5  6  7  8  9 10 11 |
---------------+----------------------------------+-----
Spellcasting   | 3 4 5 6 |  6.0
Conjurations   | 6 8 9 10 | 10.0
Fighting       | 2 3 6 |  6.0
Hexes          | 1 7 |  7.0
Dodging        | 5 6 |  6.0
Translocations | 4 |  4.0
Short Blades   | 4 |  4.0
Invocations    | 2 4 |  4.0
Ice Magic      | 3 |  3.2
Stealth        | |  2.6

Action                     |  1- 3 |  4- 6 |  7- 9 | 10-12 || total
---------------------------+-------+-------+-------+-------++-------
  Melee: Dagger            |    27 |    10 |    39 |    20 ||    96
         Constrict         |     5 |     3 |     7 |     2 ||    17
         Tentacles         |     2 |     2 |    12 |     8 ||    24
         Punch             |     1 |       |     2 |       ||     3
  Throw: Dart              |       |       |     1 |       ||     1
   Cast: Magic Dart        |    76 |    52 |   149 |    83 ||   360
         Searing Ray       |     1 |     9 |    36 |    25 ||    71
         Fulminant Prism   |       |       |    23 |    23 ||    46
         Iskenderun's Batt |       |       |       |    10 ||    10
         Blink             |       |       |       |     2 ||     2
  Evoke: Wand              |       |       |       |     8 ||     8
    Use: Scroll            |     5 |     3 |     7 |    10 ||    25
         Potion            |       |     2 |       |       ||     2
   Stab: Sleeping          |     2 |       |       |     1 ||     3
         Paralysed         |       |       |       |     4 ||     4
 Armour: Skin              |     2 |       |     8 |     2 ||    12
  Dodge: Dodged            |    12 |     6 |    63 |    58 ||   139

Table legend: (Time is in decaauts)
 A = Elapsed time spent in this place.
 B = Non-inter-level travel time spent in this place.
 C = Inter-level travel time spent in this place.
 D = Time resting spent in this place.
 E = Time spent auto-exploring this place.
 F = Levels seen in this place.
 G = Mean time per level.
                   A        B        C        D        E       F      G
               +--------+--------+--------+--------+--------+-----+--------+
         Total |  14079 |  13436 |    643 |   5174 |   5461 |  11 | 1279.9 |
       Dungeon |  12443 |  11801 |    642 |   4272 |   5183 |   9 | 1382.6 |
          Lair |    996 |    996 |      0 |    539 |    234 |   1 |  996.0 |
       Ossuary |    639 |    639 |      0 |    363 |     44 |   1 |  639.0 |
               +--------+--------+--------+--------+--------+-----+--------+

Top non-repeatable levels by time:
     D:8: 1969 daAuts
     D:9: 1533 daAuts
     D:5: 1490 daAuts
     D:7: 1456 daAuts
     D:1: 1399 daAuts
     D:4: 1385 daAuts
     D:3: 1324 daAuts
     D:6: 1037 daAuts
  Lair:1: 996 daAuts
     D:2: 846 daAuts
 Ossuary: 639 daAuts
